 Dungeon Crawl Stone Soup version 0.30.1-11-g7821555f0a (webtiles) character file.

Game seed: 12108940619650522266

27 ChrisAssaf the Firebug (level 2, 0/20 HPs)
             Began as a Draconian Fire Elementalist on Nov 14, 2023.
             Slain by an endoplasm (3 damage)
             ... on level 2 of the Dungeon.
             The game lasted 00:02:06 (242 turns).

ChrisAssaf the Firebug (Draconian Fire Elementalist) Turns: 242, Time: 00:02:07

Health: 0/20       AC:  4    Str: 10    XL:     2   Next: 93%
Magic:  0/5        EV: 12    Int: 15    God:
Gold:   10         SH:  0    Dex: 11    Spells: 2/5 levels left

rFire   . . .        a - +0 spear
rCold   . . .        (no shield)
rNeg    . . .        (body armour unavailable)
rPois   .            (helmet restricted)
rElec   .            (no cloak)
rCorr   .            (no gloves)
SInv    .            (no boots)
Will    .....        (no amulet)
Stlth   ++           (no ring)
HPRegen 0.23/turn    (no ring)
MPRegen 0.09/turn

%: no passive effects
@: no status effects
A: AC +4, unfitting armour, cold-blooded
a: no special abilities


You were on level 2 of the Dungeon.
You visited 1 branch of the dungeon, and saw 2 of its levels.

You collected 10 gold pieces.

Inventory:

Hand Weapons
 a - a +0 spear (weapon)


   Skills:
 * Level 0.1 Fighting
 * Level 0.1 Polearms
 * Level 2.0 Dodging
 * Level 2.0 Stealth
 * Level 2.2 Spellcasting
 * Level 1.3 Conjurations
 * Level 3.5 Fire Magic


You had 2 spell levels left.
You knew the following spells:

 Your Spells              Type           Power      Damage    Failure   Level
a - Foxfire               Conj/Fire      32%        2x1d5     9%          1
b - Scorch                Fire           24%        2d6       8%          2

Your spell library contained the following spells:

 Spells                   Type           Power      Damage    Failure   Level
 Inner Flame              Hex/Fire       7%         N/A       30%         3
 Volatile Blastmotes      Fire/Tloc      14%        2d11      30%         3
 Flame Wave               Conj/Fire      8%         2d5       63%         4


Dungeon Overview and Level Annotations

Branches:
Dungeon (2/15)

Altars:


Innate Abilities, Weirdness & Mutations

Your plain brown scales are hard. (AC +4)
You cannot fit into any form of body armour.
You are cold-blooded and may be slowed by cold attacks.


Message History

The kobold attacks as you move away! The kobold barely misses you.
The kobold attacks as you move away!
The kobold hits you with a +0 short sword.
* * * LOW HITPOINT WARNING * * *
The kobold attacks as you move away! The kobold barely misses you.
The kobold attacks as you move away!
The kobold hits you with a +0 short sword.
* * * LOW HITPOINT WARNING * * *
The kobold attacks as you move away!
The kobold hits you with a +0 short sword.
* * * LOW HITPOINT WARNING * * *
Casting: Foxfire (safe; 9% risk of failure)
Confirm with . or Enter, or press ? or * to list all spells.
You conjure some foxfire!
The kobold hits you but does no damage.
Your foxfire dissipates!
The kobold attacks as you move away! The kobold closely misses you.
The foxfire hits the kobold.
The kobold is moderately wounded.
The kobold attacks as you move away! The kobold closely misses you.
You closely miss the kobold.
The kobold is moderately wounded.
The kobold hits you but does no damage.
You barely miss the kobold.
The kobold is moderately wounded.
The kobold hits you with a +0 short sword.
* * * LOW HITPOINT WARNING * * *
Casting: Foxfire (safe; 9% risk of failure)
Confirm with . or Enter, or press ? or * to list all spells.
You conjure some foxfire!
The kobold hits you but does no damage.
The foxfire hits the kobold.
The kobold is heavily wounded.
The foxfire hits the kobold.
You kill the kobold!
Your Dodging skill increases to level 2!
The endoplasm attacks as you move away! The endoplasm barely misses you.
The endoplasm attacks as you move away!
The endoplasm hits you but does no damage.
The endoplasm attacks as you move away! The endoplasm barely misses you.
The endoplasm attacks as you move away! The endoplasm hits you.
You die...

# #. .. .# # #.##
.#...# #.##.# #.##@#
#.##J# # #.##.#
######### #.##.##.#
#.......# #.......#
####......>#.
####)####
#.J........#. #.#
#.##........#
#.#######.##.#...#.##
#.........##.#####.#


You could see an endoplasm.

Vanquished Creatures
  A gnoll (D:1)
  An adder (D:2)
  2 endoplasms (D:1)
  A hobgoblin (D:1)
  A bat (D:1)
  2 kobolds
8 creatures vanquished.

Vanquished Creatures (others)
  28 foxfires
28 creatures vanquished.

Grand Total: 36 creatures vanquished

Notes
Turn   | Place    | Note
-------+----------+-------------------------------------------
     0 | D:1      | ChrisAssaf the Draconian Fire Elementalist began the quest
                  | for the Orb.
     0 | D:1      | Reached XP level 1. HP: 14/14 MP: 3/3
   136 | D:1      | Reached XP level 2. HP: 18/20 MP: 0/5
   139 | D:1      | Learned a level 2 spell: Scorch
   226 | D:2      | HP: 1/20 [kobold/+0 short sword (3)]
   232 | D:2      | HP: 1/20 [kobold/+0 short sword (1)]
   242 | D:2      | Slain by an endoplasm

Illustrated notes

Levels and vault maps discovered:
D:1:      dpeg_arrival_simpleton_c, layout_loops_cross
D:2:      layout_loops_cross, uniq_jessica, uniq_terence

Skill      XL: |  1  2 |
---------------+-------+-----
Stealth        | 2 |  2.0
Dodging        | 2 |  2.0
Fighting       | |  0.1
Polearms       | |  0.1
Spellcasting   | |  2.2
Conjurations   | |  1.3
Fire Magic     | |  3.5

Action                     || total
---------------------------++-------
  Melee: Spear             ||     6
   Cast: Foxfire           ||    16
         Scorch            ||     2
    Use: Potion            ||     1
 Armour: Skin              ||    14
  Dodge: Dodged            ||    22
